 Dungeon Crawl Stone Soup version 0.30.1-3-gfc49f6343a (webtiles) character file.

Game seed: 4720152312460127729

79 Heoruswealwe the Shield-Bearer (level 3, 0/46 HPs)
             Began as a Demigod Fighter on Aug 8, 2023.
             Slain by an orc
             ... wielding a +0 flail
              (4 damage)
             ... on level 2 of the Dungeon.
             The game lasted 00:06:39 (705 turns).

Heoruswealwe the Shield-Bearer (Demigod Fighter)     Turns: 705, Time: 00:06:44

Health: 0/46       AC:  6    Str: 21    XL:     3   Next: 95%
Magic:  5/5        EV:  9    Int: 10    God:
Gold:   72         SH:  4    Dex: 13    Spells: 2/2 levels left

rFire   . . .        a - +0 war axe
rCold   . . .        d - +0 buckler
rNeg    . . .        c - +0 scale mail
rPois   .            (no helmet)
rElec   .            (no cloak)
rCorr   .            (no gloves)
SInv    .            (no boots)
Will    .....        (no amulet) Stlth
                     (no ring)
HPRegen 0.27/turn    (no ring)
MPRegen 0.09/turn

%: no passive effects
@: berserking, lethally poisoned (0 -> -3), very quick
A: high MP 1, forlorn, divine attributes
a: no special abilities


You were on level 2 of the Dungeon.
You visited 1 branch of the dungeon, and saw 2 of its levels.

You collected 72 gold pieces.

Inventory:

Hand Weapons
 a - a +0 war axe (weapon)
Armour
 c - a +0 scale mail (worn)
 d - a +0 buckler (worn)
Scrolls
 e - 2 scrolls of teleportation {unknown}
 h - a scroll of magic mapping {unknown}
Potions
 b - a potion of might
 f - a potion of berserk rage
 g - a potion of curing {unknown}


   Skills:
 + Level 3.2 Fighting
 + Level 2.5 Axes
 + Level 3.2 Armour
 + Level 3.2 Shields


You had 2 spell levels left.
You didn't know any spells.
Your spell library was empty.

Dungeon Overview and Level Annotations

Branches:
Dungeon (2/15)

Shops:
D:1 (


Innate Abilities, Weirdness & Mutations

You have an increased reservoir of magic. (+10% MP)
You shall have no god before yourself.
Your divine heritage dramatically boosts your attributes as you level up.


Message History

You slash the orc wizard!
The orc wizard is severely wounded.
You hit the orc priest. You barely miss the orc.
The orc hits you with a +0 war axe!
The orc wizard hits you but does no damage.
The adder bites you but does no damage. The orc barely misses you.
The orc misses you.
The orc wizard hits you but does no damage.
The orc priest barely misses you.
You closely miss the adder. You hit the orc. You hit the orc wizard.
You kill the orc wizard!
You barely miss something. You hit the orc priest. You hit the orc.
The adder bites you.
You are poisoned.
The adder poisons you! The adder bites you. The orc closely misses you.
The orc priest hits you with a +0 hand axe.
The orc closely misses you. Something hits you but does no damage.
You have reached level 3!
Your experience leads to a dramatic increase in your attributes!
Increase (S)trength, (I)ntelligence, or (D)exterity?
You feel stronger. x4
You closely miss the adder. You miss something. You slash the orc priest!
You kill the orc priest!
You barely miss the orc. x2; You closely miss the orc.
You feel very sick. The adder bites you. The orc hits you with a +0 hand axe.
* * * LOW HITPOINT WARNING * * *
Something hits you.
* * * LOW HITPOINT WARNING * * *
The orc closely misses you. x2; The adder barely misses you.
Something hits you but does no damage. The orc closely misses you.
The orc hits you but does no damage. The orc hits you with a +0 flail.
* * * LOW HITPOINT WARNING * * *
It was a potion of berserk rage.
A red film seems to cover your vision as you go berserk!
You feel yourself moving faster!
You feel mighty!
* * * LOW HITPOINT WARNING * * *
You feel sick. The adder barely misses you.
Something hits you but does no damage. The orc hits you with a +0 flail.
You die...

##### ##$⌠$##
##.....##
#.......#
#.......#
#.......#
#.oo{...#
#.o@)...#
#.S.....#
#.......#
#...........#
##.#....##..#
#.#.#### .#
#.... .
..#### ##


You could see an adder and 3 orcs.

Vanquished Creatures
  An orc priest (D:2)
  An orc wizard (D:2)
  An orc (D:2)
  A bat (D:1)
  2 endoplasms (D:1)
  3 goblins (D:1)
  3 hobgoblins (D:1)
  3 jackals (D:1)
  A quokka (D:1)
  2 frilled lizards (D:1)
  2 kobolds (D:1)
  3 rats (D:1)
23 creatures vanquished.

Notes
Turn   | Place    | Note
-------+----------+-------------------------------------------
     0 | D:1      | Heoruswealwe the Demigod Fighter began the quest for the
                  | Orb.
     0 | D:1      | Reached XP level 1. HP: 18/18 MP: 3/3
   189 | D:1      | Reached XP level 2. HP: 25/25 MP: 4/4
   210 | D:1      | Found Etihiv's Antique Weapon Shop.
   704 | D:2      | Reached XP level 3. HP: 14/31 MP: 5/5
   705 | D:2      | Slain by an orc

Illustrated notes

Levels and vault maps discovered:
D:1:      scummos_arrival_hexagon, layout_loops_ring, serial_shops, shop,
          shapermc_ecumenical_altar_gd
D:2:      cheibrodos_pilgrimage, layout_rooms, serial_shops,
          nicolae_shop_advertising_works [nicolae_subvault_shop_adworks],
          basic_altar, chequers_big_river

Skill      XL: |  1  2 |
---------------+-------+-----
Axes           | 2 |  2.5
Armour         | 3 |  3.2
Shields        | 3 |  3.2
Fighting       | 3 |  3.2

Action                     || total
---------------------------++-------
  Melee: War axe           ||    70
    Use: Potion            ||     1
 Armour: Scale mail        ||    27
  Dodge: Dodged            ||    30
  Block: Buckler           ||    10
